Map: Abyssal Reef LE

Players

Allmos

  • Race: Terran Terran
  • League: Gold
  • Spawn Location: 11:00

Juxtapose - Winner!

  • Race: Protoss Protoss
  • League: Gold
  • Spawn Location: 5:00

VOD

https://youtu.be/KbbD9EUrCCM

Description

For someone reason I misplaced my Pylon and thus messed up my wall-in, but thankfully it didn't matter.

This was a fun game, and Void Rays helped bust the turtle a lot.

Time

  • Played on: Oct. 21, 2017, 11:35 a.m.
  • Length: 9:24
Show
View Real Time Build Order
Export as new Build Order

Allmos Terran 

Build Orders:  

Get SALT Encoding   

  12  0:00  SCV  
  13  0:13  SCV  
  14  0:17  Supply Depot  
  14  0:25  SCV  
  15  0:29  Refinery  
  15  0:39  SCV  
  16  0:46  Barracks  
  16  0:52  SCV  
  17  1:04  SCV  
  17  1:10  Supply Depot  
  18  1:16  SCV  
  19  1:28  SCV  
  20  1:40  SCV  
  21  1:53  Orbital Command  
  21  1:54  Barracks Reactor  
  21  1:55  Supply Depot  
  21  2:01  Factory  
  21  2:26  SCV  
  21  2:29  Marine x2  
  24  2:38  SCV  
  25  2:45  Command Center  
  25  2:57  Factory  
  25  2:59  Barracks Tech Lab  
  25  3:01  Refinery  
  25  3:14  Hellion x2, Supply Depot  
  29  3:21  Marauder  
  29  3:24  SCV  
  32  3:36  SCV  
  33  3:41  Supply Depot  
  33  3:48  SCV  
  33  3:51  Barracks Reactor, Armory  
  37  4:00  SCV  
  35  4:03  Siege Tank  
  35  4:04  Hellion  
  35  4:08  Hellion  
  42  4:12  SCV  
  42  4:14  SCV  
  36  4:41  SCV x2  
  38  4:53  SCV x2  
  38  4:55  Engineering Bay  
  40  5:05  SCV  
  41  5:07  Supply Depot  
  41  5:13  Cyclone  
  44  5:20  Terran Vehicle Weapons Level 1  
  44  5:31  Missile Turret  
  44  5:34  SCV, Missile Turret  
  41  5:52  SCV  
  42  6:02  Cyclone x2  
  48  6:04  SCV  
  48  6:07  SCV  
  50  6:14  Siege Tank  
  50  6:16  SCV  
  54  6:19  SCV  
  56  6:32  SCV  
  56  6:35  Orbital Command  
  56  6:45  SCV  
  57  6:49  Starport  
  57  6:58  Starport  
  57  7:05  SCV x2  
  57  7:07  Thor  
  65  7:09  Barracks Tech Lab  
  65  7:17  SCV x2  
  67  7:25  Hellion x2  
  67  7:29  SCV x2  
  73  7:30  Refinery  
  73  7:40  Barracks Reactor  
  73  7:46  Hellion  
  75  7:54  Refinery, SCV x2  
  77  8:02  Armory  
  77  8:06  SCV  
  77  8:10  SCV, Viking  
  81  8:13  Supply Depot x2  
  81  8:15  Supply Depot  
  81  8:18  Supply Depot  
  81  8:22  Viking  
  83  8:27  SCV x2  
  85  8:38  Supply Depot  
  85  8:39  SCV  
  86  8:43  Missile Turret  
  86  8:48  Viking  
  86  8:51  Viking  
  86  8:52  Viking  
  81  9:04  Missile Turret  
Show
View Real Time Build Order
Export as new Build Order

Juxtapose Protoss - Winner!

Build Orders: Oracle Opening 

Get SALT Encoding   

  12  0:01  Probe (Chrono Boost)  
  13  0:12  Probe (Chrono Boost)  
  14  0:21  Pylon  
  14  0:22  Probe (Chrono Boost)  
  15  0:39  Probe (Chrono Boost)  
  16  0:43  Gateway  
  16  0:50  Probe (Chrono Boost)  
  16  0:52  Assimilator  
  17  1:01  Probe (Chrono Boost)  
  19  1:11  Probe (Chrono Boost)  
  19  1:22  Assimilator, Probe (Chrono Boost)  
  20  1:32  Probe (Chrono Boost)  
  21  1:33  Cybernetics Core  
  21  1:42  Zealot  
  23  1:51  Pylon  
  23  1:56  Pylon  
  23  2:09  Probe (Chrono Boost)  
  23  2:12  Stargate  
  24  2:17  Adept  
  24  2:21  Probe (Chrono Boost)  
  27  2:32  Mothership Core (Chrono Boost)  
  29  2:37  Warp Gate  
  32  3:05  Oracle (Chrono Boost)  
  32  3:21  Nexus  
  32  3:23  Probe, Pylon  
  32  3:25  Pylon  
  33  3:29  Pylon  
  33  3:44  Adept  
  35  3:57  Forge  
  35  3:58  Twilight Council  
  35  4:11  Probe, Adept  
  38  4:23  Probe  
  39  4:35  Probe  
  40  4:47  Probe  
  40  4:48  Probe  
  42  4:54  Photon Cannon  
  42  4:58  Probe  
  42  4:59  Probe  
  43  5:01  Photon Cannon  
  43  5:05  Void Ray (Chrono Boost)  
  48  5:11  Probe  
  49  5:14  Gateway  
  49  5:15  Gateway  
  49  5:26  Probe  
  49  5:27  Probe  
  51  5:31  Assimilator  
  51  5:34  Assimilator  
  51  5:39  Probe  
  52  5:56  Void Ray (Chrono Boost)  
  56  6:00  Adept  
  56  6:03  Probe  
  58  6:05  Probe  
  60  6:14  Probe  
  60  6:17  Probe  
  62  6:19  Adept  
  62  6:20  Adept  
  62  6:24  Probe  
  66  6:29  Probe  
  68  6:33  Resonating Glaives, Void Ray (Chrono Boost)  
  68  6:35  Probe, Protoss Ground Weapons Level 1  
  73  6:41  Probe  
  74  6:48  Stalker x2  
  78  6:57  Pylon  
  78  7:05  Pylon  
  78  7:14  Probe  
  80  7:15  Probe  
  80  7:17  Nexus  
  80  7:18  Pylon  
  80  7:22  Pylon  
  80  7:27  Pylon  
  80  7:40  Void Ray (Chrono Boost)  
  80  7:41  Stalker  
  80  7:42  Stalker x2  
  90  8:13  Stalker x3  
  96  8:35  Photon Cannon  
  93  9:07  Stalker x3  
Tags
 
Add a new tag
Caveats
  • Supply blocks, unpowered buildings, or Contaminate may cause inaccurate times.
  • Supply counts are checked every 10 seconds.